 Dungeon Crawl Stone Soup version 0.25-a0-696-g42a9e46d90 (webtiles) character file.

Game seed: 2557240747840479021, levelgen mode: deterministic

61 DasRunzen the Conjurer (level 3, -5/28 HPs)
             Began as a Demigod Conjurer on Mar 31, 2020.
             Killed from afar by an orc wizard (7 damage)
             ... with a puff of flame
             ... on level 3 of the Dungeon.
             The game lasted 00:04:53 (1825 turns).

DasRunzen the Conjurer (Demigod Conjurer)           Turns: 1825, Time: 00:04:53

Health: -5/28      AC:  3    Str: 13    XL:     3   Next: 58%
Magic:  5/9        EV: 13    Int: 19    God:
Gold:   156        SH:  0    Dex: 16    Spells: 3/6 levels left

rFire    . . .     SeeInvis .   k - +2 dagger (speed)
rCold    . . .     Gourm    .   (no shield)
rNeg     . . .     Faith    .   a - +0 robe
rPois    .         Spirit   .   (no helmet)
rElec    .         Reflect  .   (no cloak)
rCorr    .         Harm     .   d - +0 pair of gloves
MR       .....                  (no boots)
Stlth    ++........             (no amulet)
HPRegen  0.09/turn              (no ring)
MPRegen  0.11/turn              (no ring)

@: no status effects
A: high mp 1
a: no special abilities


You were on level 3 of the Dungeon.
You were not hungry.

You visited 1 branch of the dungeon, and saw 3 of its levels.

You collected 156 gold pieces.

Inventory:

Hand Weapons
 k - a +2 dagger of speed (weapon)
Armour
 a - a +0 robe (worn)
 d - a +0 pair of gloves (worn)
Scrolls
 e - 4 scrolls of remove curse
 g - 2 scrolls of identify
 i - a scroll of teleportation
 j - a scroll of random uselessness {unknown}
Potions
 b - a potion of brilliance
 f - a potion of haste
 h - 6 potions of resistance
 l - a potion of heal wounds {unknown}
 m - a potion of lignification {unknown}
Comestibles
 c - 3 rations


   Skills:
 + Level 1.3 Fighting
 + Level 2.4 Dodging
 - Level 1.7 Stealth
 + Level 2.2 Spellcasting
 + Level 4.0 Conjurations


You had 3 spell levels left.
You knew the following spells:

 Your Spells              Type           Power        Failure   Level  Hunger
a - Magic Dart            Conj           ###.         3%          1    #......
b - Searing Ray           Conj           ###...       4%          2    ##.....

Your spell library contained the following spells:

 Spells                   Type           Power        Failure   Level  Hunger
 Dazzling Flash           Conj/Hex       #.....       22%         3    ###....
 Fulminant Prism          Conj/Hex       #.........   56%         4    #####..
 Iskenderun's Mystic Bla  Conj/Tloc      #.......     56%         4    #####..


Dungeon Overview and Level Annotations

Branches:
Dungeon (3/15)


Innate Abilities, Weirdness & Mutations

You have an increased reservoir of magic. (+10% MP)


Message History

The magic dart hits you.
* * * LOW HITPOINT WARNING * * *
You hit something but do no damage.
You hear some strange, mumbled words.
A puff of flame appears from out of thin air!
The puff of flame misses you.
Casting: Magic Dart (safe; 3% risk of failure)
Confirm with . or Enter, or press ? or * to list all spells.
You don't know that spell.
You closely miss something.
Casting: Magic Dart (safe; 3% risk of failure)
Confirm with . or Enter, or press ? or * to list all spells.
Aiming: Searing Ray (safe; 4% risk of failure)
Press: ? - help, Shift-Dir - straight line (Press . to maintain the ray.)
Something hits you but does no damage.
You hear some strange, mumbled words.
A puff of flame appears from out of thin air!
The puff of flame hits you!
You die...

#.# #........# #.#
#..###.### #.# ##.#
#.#
#.####.######.###.#
................#.#
####.#.#.######.#.#
#.#..)# #.#.# #
##.†######.#.#####.
...........@{......#
#.##..######)#.#######
# #..# #.#.# ....
....# #### ######


There were no monsters in sight!

Vanquished Creatures
  An adder (D:3)
  2 worms
  A dart slug (D:2)
  2 leopard geckos
  4 orcs (D:3)
  2 giant cockroaches
  2 goblins
  3 hobgoblins
  4 jackals (D:2)
  2 ball pythons (D:2)
  3 bats
  2 frilled lizards
  8 kobolds
  3 rats
39 creatures vanquished.

Notes
Turn   | Place    | Note
-------+----------+-------------------------------------------
     0 | D:1      | DasRunzen the Demigod Conjurer began the quest for the Orb.
     0 | D:1      | Reached XP level 1. HP: 14/14 MP: 5/5
   708 | D:2      | Reached XP level 2. HP: 15/22 MP: 7/7
   919 | D:2      | Learned a level 2 spell: Searing Ray
   923 | D:2      | Reached skill level 1 in Fighting
   992 | D:2      | Found a shadowy altar of Dithmenos,
  1005 | D:2      | Found a white marble altar of Elyvilon,
  1007 | D:2      | Found a stormy altar of Qazlal,
  1343 | D:3      | Reached XP level 3. HP: 28/28 MP: 5/8
  1425 | D:3      | Reached skill level 4 in Conjurations
  1480 | D:3      | Found a faded altar of an unknown god,
  1825 | D:3      | Killed from afar by an orc wizard

Levels and vault maps discovered:
D:1:      lemuel_arrival_lava_pool, layout_basic
D:2:      layout_basic, grunt_temple_overflow_open
D:3:      layout_loops_ring, chequers_ecumenical_altar_simple_redux

Skill      XL: |  1  2  3 |
---------------+----------+-----
Dodging        | 2 |  2.4
Spellcasting   | 2 |  2.2
Fighting       | 1 |  1.3
Conjurations   | 4 |  4.0
Stealth        | |  1.7

Action                   || total
-------------------------++-------
Melee: Dagger            ||    51
       Short sword       ||     2
 Cast: Magic Dart        ||    67
       Searing Ray       ||     1
  Use: Scroll            ||    10
 Stab: Sleeping          ||     1
  Eat: Chunk             ||     3
Armor: Robe              ||     5
Dodge: Dodged            ||    19

Table legend:
 A = Non-vault XP
 B = Vault XP
 C = Vault XP percentage of total XP
 D = Non-vault monster count
 E = Vault monster count
 F = Vault count percentage of total count
                 A         B        C        D         E       F
            +---------+---------+-------+---------+---------+-------
      Total |      88 |       0 |   0.0 |      39 |       0 |   0.0
            +---------+---------+-------+---------+---------+-------
        D:1 |      11 |       0 |   0.0 |       8 |       0 |   0.0
        D:2 |      34 |       0 |   0.0 |      18 |       0 |   0.0
        D:3 |      43 |       0 |   0.0 |      13 |       0 |   0.0
            +---------+---------+-------+---------+---------+-------
